 Dungeon Crawl Stone Soup version 0.20.1-1-g8b1a95d (webtiles) character file.

12431 vomix the Severer (level 11, -5/106 HPs)
             Began as a Minotaur Berserker on Aug 10, 2017.
             Was a High Priest of Trog.
             Slain by a frost giant
             ... wielding a +2 battleaxe of freezing
              (23 damage)
             ... in an ice cave.
             The game lasted 00:23:06 (10974 turns).

vomix the Severer (Minotaur Berserker)             Turns: 10974, Time: 00:23:07

Health: -5/106     AC: 14    Str: 22    XL:     11   Next: 62%
Magic:  3/3        EV:  7    Int:  4    God:    Trog [*****.]
Gold:   650        SH:  0    Dex: 13    Spells: 10/10 levels left

rFire    . . .     SeeInvis .   G - +4 executioner's axe (antimagic)
rCold    . . .     Gourm    .   (shield currently unavailable)
rNeg     . . .     Faith    .   v - +0 plate armour
rPois    .         Spirit   .   (helmet restricted)
rElec    .         Reflect  .   y - +0 cloak
rCorr    .         Harm     .   m - +0 pair of gloves
MR       ++...                  f - +0 pair of boots
Stlth    ..........             (no amulet)
Regen    1.3/turn               (no ring)
MPRegen  0.1/turn               (no ring)

@: about to teleport, regenerating
A: retaliatory headbutt, horns 2
a: Berserk, Trog's Hand, Brothers in Arms, Burn Spellbooks, Renounce Religion


You were in an ice cave.
You worshipped Trog.
Trog was extremely pleased with you.
You were not hungry.

You visited 2 branches of the dungeon, and saw 12 of its levels.
You also visited: Ossuary and Ice Cave.

You collected 650 gold pieces.

Inventory:

Hand Weapons
 l - the +5 whip "Viunoly" {flame, *Noise rC+++ Str+3 Int+4, unknown}
   (You found it in an ice cave)

   It has been specially enchanted to burn those struck by it, causing extra
   injury to most foes and up to half again as much damage against particularly
   susceptible opponents.
   It affects your strength (+3).
   It affects your intelligence (+4).
   It renders you almost immune to cold.
   It may make noises in combat.
 z - a +0 battleaxe
 G - a +4 antimagic executioner's axe (weapon)
Missiles
 x - a throwing net (quivered)
Armour
 f - a +0 pair of boots (worn)
 m - a +0 pair of gloves (worn)
 v - a +0 plate armour (worn)
 y - a +0 cloak (worn)
Jewellery
 J - an uncursed ring of fire
Wands
 A - a wand of disintegration (9/24)
 C - a wand of random effects (12/48)
 D - a wand of random effects (16/48)
 E - a wand of acid (14/15)
 M - a wand of iceblast (11/15)
Scrolls
 a - 2 scrolls of blinking
 b - a scroll of silence
 e - 2 scrolls of magic mapping
 g - 2 scrolls of remove curse
 o - 3 scrolls of fear
 r - 6 scrolls of teleportation
 s - 2 scrolls of enchant armour
 t - 2 scrolls of immolation
 H - a scroll of brand weapon
Potions
 d - 3 potions of lignification
 h - a potion of magic {unknown}
 i - a potion of cancellation {unknown}
 j - 3 potions of agility
 k - 4 potions of mutation
 p - a potion of invisibility {unknown}
 q - 5 potions of curing
 u - a potion of flight {unknown}
 B - a potion of ambrosia {unknown}
 I - a potion of degeneration {unknown}
Comestibles
 c - 5 bread rations
 n - 4 meat rations
 F - 5 fruits
 K - 12 chunks of flesh


   Skills:
 + Level 12.8 Fighting
 * Level 17.3 Axes
 - Level 2.4 Armour
 - Level 2.1 Dodging


You had 10 spell levels left.
You didn't know any spells.

Dungeon Overview and Level Annotations

Branches:
Dungeon (11/15)            Temple (1/1) D:4            Lair (0/6) D:11
    Orc (0/2) D:9

Altars:
Ashenzari
Cheibriados
Dithmenos
Elyvilon
Fedhas
Gozag
Hepliaklqana
Kikubaaqudgha
Makhleb
Nemelex Xobeh
Okawaru
Qazlal
Ru
Sif Muna
Trog
Uskayaw
Vehumet
Xom
Yredelemnul
Zin
The Shining One

Shops:
D:7 (

Annotations:
D:9 1 runed door


Innate Abilities, Weirdness & Mutations

You reflexively headbutt those who attack you in melee.
You have a pair of horns on your head.


Message History

* * * LOW HITPOINT WARNING * * *
The polar bear bites you.
* * * LOW HITPOINT WARNING * * *
The polar bear claws you but does no damage.
The polar bear barely misses you.
The polar bear bites you but does no damage.
The polar bear claws you but does no damage.
The polar bear completely misses you.
The frost giant gestures at you while chanting.
The bolt of cold hits you!
* * * LOW HITPOINT WARNING * * *
As you read the scroll of teleportation, it crumbles to dust.
You feel strangely unstable.
The polar bear bites you but does no damage.
The polar bear claws you but does no damage. x2
The polar bear barely misses you. You furiously retaliate!
You headbutt the polar bear, but do no damage.
The polar bear claws you but does no damage. x2
The frost giant hits you with a battleaxe of freezing!!
You die...

#...###..####.....##..##≈≈##.#..#
..⌠..###...#....######≈÷≈####..##
#...## ###.§.#### #≈≈≈####...#
###..# #######..##≈≈≈≈≈≈≈##..###
#..####..####.#.##≈≈≈≈≈≈≈##..###
###..#.##..#.#.≈≈≈≈≈≈≈≈≈≈###..##
###.#####..##.#≈≈≈≈≈≈≈≈#..###.
### ###..h##≈≈≈≈≈≈##...##.
###@h###≈≈≈##..#####
##Ch##≈≈≈####.###≈ #hY## ##..#≈
.k.## #...## ..h.# ###... .Y.Ch#
###. ..... ## .... ....


You could see a frost giant, 3 polar bears and a yak.

Vanquished Creatures
  The ghost of vomix the Severer, a novice MiBe of Trog (D:8)
  An ice statue (IceCv)
  2 rime drakes (IceCv)
  2 ice devils (D:11)
  10 polar bears (IceCv)
  Grinder (D:4)
  A hippogriff (D:10)
  A spriggan (D:7)
  9 yaks (IceCv)
  3 wraiths (D:7)
  2 wyverns
  An ice beast (D:6)
  3 necrophages (D:8)
  2 orc warriors
  5 phantoms
  4 centaurs
  5 ogres
  18 wolves (IceCv)
  2 big kobolds
  An elf zombie (D:7)
  3 bullfrogs
  A water moccasin zombie (D:6)
  3 scorpions
  A troll zombie (D:7)
  A killer bee (D:8)
  A wight (D:7)
  2 howler monkeys
  4 crimson imps
  2 bullfrog zombies
  2 quasits
  4 human zombies (D:7)
  A centaur zombie (D:8)
  5 orc wizards
  Crazy Yiuf (D:5)
  2 orc priests (D:6)
  2 bullfrog skeletons
  5 hounds
  A centaur skeleton (D:5)
  3 iguanas
  A human skeleton (D:7)
  9 worker ants
  A big kobold zombie (Ossuary)
  4 mummies (Ossuary)
  2 hound zombies
  A hound skeleton (D:8)
  A worker ant zombie (D:5)
  12 adders
  7 gnolls
  A shadow imp (D:10)
  An ooze (D:3)
  An adder skeleton (D:7)
  3 adder zombies
  A worm (D:3)
  A dart slug (D:1)
  5 leopard geckos
  28 orcs
  9 giant cockroaches
  4 hobgoblins (D:1)
  20 jackals
  6 quokkas
  2 ball pythons
  7 bats
  10 frilled lizards
  5 goblins
  A goblin zombie (Ossuary)
  2 hobgoblin zombies (Ossuary)
  A jackal zombie (D:6)
  10 kobolds
  A kobold zombie (Ossuary)
  2 leopard gecko skeletons
  4 orc zombies
  A quokka skeleton (D:4)
  4 rats
  A rat zombie (Ossuary)
287 creatures vanquished.

Vanquished Creatures (collateral kills)
  3 polar bears (IceCv)
  A yak (IceCv)
4 creatures vanquished.

Vanquished Creatures (others)
  A polar bear (IceCv)
  A wolf (IceCv)
  An orc (D:4)
  4 jackals (D:4)
  A fungus (D:11)
8 creatures vanquished.

Grand Total: 299 creatures vanquished

Notes
Turn   | Place    | Note
-------+----------+-------------------------------------------
     0 | D:1      | vomix the Minotaur Berserker began the quest for the Orb.
     0 | D:1      | Reached XP level 1. HP: 19/19 MP: 0/0
   105 | D:1      | Found a glowing golden altar of the Shining One.
   250 | D:1      | Reached skill level 4 in Axes
   250 | D:1      | Reached XP level 2. HP: 24/27 MP: 1/1
   867 | D:1      | Reached XP level 3. HP: 33/33 MP: 2/2
  1049 | D:2      | Reached ** piety under Trog
  1139 | D:2      | Found an opulent altar of Gozag.
  1254 | D:2      | Reached skill level 5 in Axes
  1560 | D:2      | Reached XP level 4. HP: 41/41 MP: 3/3
  1808 | D:3      | Found a bloodstained altar of Trog.
  1817 | D:3      | Found a shadowy altar of Dithmenos.
  1898 | D:3      | Reached skill level 6 in Axes
  1938 | D:3      | Reached XP level 5. HP: 37/47 MP: 4/4
  1947 | D:3      | Reached skill level 5 in Fighting
  2050 | D:3      | Found a snail-covered altar of Cheibriados.
  2052 | D:3      | Found a hide-covered altar of Uskayaw.
  2052 | D:3      | Found an opulent altar of Gozag.
  2054 | D:3      | Found an opulent altar of Gozag.
  2054 | D:3      | Found a hazy altar of Hepliaklqana.
  2054 | D:3      | Found a shimmering altar of Xom.
  2469 | D:3      | Reached *** piety under Trog
  2547 | D:4      | Found a sand-covered staircase.
  2551 | Ossuary  | Entered an ossuary
  2801 | Ossuary  | Reached skill level 7 in Axes
  2801 | Ossuary  | Reached XP level 6. HP: 56/56 MP: 5/5
  2892 | D:4      | Found a snail-covered altar of Cheibriados.
  2896 | D:4      | Noticed Grinder
  2904 | D:4      | Killed Grinder
  2904 | D:4      | Reached skill level 8 in Axes
  2904 | D:4      | Reached XP level 7. HP: 63/63 MP: 6/6
  3018 | D:4      | Found a staircase to the Ecumenical Temple.
  3027 | Temple   | Entered the Ecumenical Temple
  3732 | D:4      | Reached **** piety under Trog
  3841 | D:5      | Entered Level 5 of the Dungeon
  3881 | D:5      | Reached skill level 9 in Axes
  4040 | D:5      | Found a runed door.
  4045 | D:5      | Noticed Crazy Yiuf
  4051 | D:5      | Killed Crazy Yiuf
  4119 | D:5      | Reached XP level 8. HP: 73/73 MP: 7/7
  4221 | D:5      | Reached skill level 10 in Axes
  4291 | D:5      | Found a stormy altar of Qazlal.
  4919 | D:6      | Reached skill level 11 in Axes
  5480 | D:7      | Reached XP level 9. HP: 60/82 MP: 8/8
  5480 | D:7      | Reached ***** piety under Trog
  5586 | D:7      | Reached skill level 12 in Axes
  5939 | D:7      | Found Xalaatyno's Weapon Emporium.
  5957 | D:7      | Found a white marble altar of Elyvilon.
  6037 | D:7      | Found a basalt altar of Yredelemnul.
  6065 | D:7      | Received a gift from Trog
  6097 | D:7      | Reached skill level 13 in Axes
  6338 | D:7      | Reached skill level 10 in Fighting
  6417 | D:8      | Noticed vomix's ghost (novice MiBe)
  6432 | D:8      | Killed vomix's ghost
  6432 | D:8      | Reached skill level 14 in Axes
  6432 | D:8      | Reached XP level 10. HP: 34/94 MP: 9/9
  7823 | D:9      | Found a radiant altar of Vehumet.
  7851 | D:9      | Found a staircase to the Orcish Mines.
  7991 | D:9      | Found a runed door.
  7991 | D:9      | Noticed a storm dragon
  7991 | D:9      | Noticed a necromancer
  7991 | D:9      | Noticed a six-headed hydra
  7992 | D:9      | Noticed a stone giant
  7993 | D:9      | Noticed a great orb of eyes
  7993 | D:9      | Noticed a flayed ghost
  7993 | D:9      | Noticed a wolf spider
  8293 | D:9      | Found an opulent altar of Gozag.
  8373 | D:10     | Entered Level 10 of the Dungeon
  8468 | D:10     | Reached skill level 15 in Axes
  9369 | D:11     | Found a shadowy altar of Dithmenos.
  9431 | D:11     | Found a frozen archway.
  9450 | IceCv    | Entered an ice cave
 10040 | IceCv    | Noticed an ice statue
 10056 | IceCv    | Killed an ice statue
 10056 | IceCv    | Reached skill level 16 in Axes
 10056 | IceCv    | Reached XP level 11. HP: 17/104 MP: 10/10
 10301 | IceCv    | Received a gift from Trog
 10750 | IceCv    | Reached skill level 17 in Axes
 10955 | IceCv    | Got a warped whip
 10961 | IceCv    | Noticed a frost giant
 10974 | IceCv    | Slain by a frost giant

Skill      XL: |  1  2  3  4  5  6  7  8  9 10 11 |
---------------+----------------------------------+-----
Fighting       | 4 5 6 7 8 10 11 12 | 12.8
Axes           | 4 5 6 7 8 9 11 14 16 17 | 17.3
Armour         | |  2.4
Dodging        | |  2.1

Action                   |  1- 3 |  4- 6 |  7- 9 | 10-12 || total
-------------------------+-------+-------+-------+-------++-------
Melee: Hand axe          |    88 |   104 |   182 |       ||   374
       Headbutt          |    14 |    20 |    77 |    42 ||   153
       Battleaxe         |       |       |   174 |   189 ||   363
       Executioner's axe |       |       |       |    61 ||    61
Invok: Berserk           |       |     3 |     7 |     6 ||    16
       Burn Spellbooks   |       |     1 |       |     3 ||     4
       Trog's Hand       |       |       |     1 |     3 ||     4
       Brothers in Arms  |       |       |       |     1 ||     1
  Use: Scroll            |       |     5 |     7 |     8 ||    20
       Potion            |       |       |       |     4 ||     4
  Eat: Chunk             |     2 |     4 |    12 |     4 ||    22
       Meat ration       |       |     1 |     1 |     1 ||     3
       Royal jelly       |       |     1 |       |     1 ||     2
       Bread ration      |       |       |     2 |     1 ||     3
Armor: Animal skin       |    17 |       |       |       ||    17
       Scale mail        |    20 |    12 |       |       ||    32
       Plate armour      |       |    29 |   191 |   219 ||   439
Dodge: Dodged            |    48 |    33 |   105 |   130 ||   316
